 Dungeon Crawl Stone Soup version 0.30-a0-1163-gf69bf04e7a (webtiles) character file.

Game seed: 11687809252813414287

545 sircluck the Conjurer (level 6, -3/45 HPs)
             Began as a Demigod Conjurer on Apr 27, 2023.
             Slain by a naga (9 damage)
             ... on level 5 of the Dungeon on Apr 28, 2023.
             The game lasted 00:09:40 (5749 turns).

sircluck the Conjurer (Demigod Conjurer)            Turns: 5749, Time: 00:09:41

Health: -3/45      AC: 12    Str: 12    XL:     6   Next: 77%
Magic:  13/13      EV:  6    Int: 24    God:
Gold:   273        SH:  0    Dex: 12    Spells: 8/11 levels left

rFire   + . .        g - +3 dagger (flame)
rCold   . . .        (no shield)
rNeg    . . .        p - +3 scale mail {rF+}
rPois   .            (no helmet)
rElec   .            (no cloak)
rCorr   .            e - +0 pair of gloves
SInv    .            t - +0 pair of boots
Will    .....        (no amulet)
Stlth   +            (no ring)
HPRegen 0.27/turn    (no ring)
MPRegen 0.13/turn

%: no passive effects
@: constricted
A: high MP 1, forlorn, divine attributes
a: no special abilities


You were on level 5 of the Dungeon.
You visited 2 branches of the dungeon, and saw 7 of its levels.

You collected 273 gold pieces.

Inventory:

Hand Weapons
 g - a +3 dagger of flaming (weapon)
Missiles
 d - 2 boomerangs
 i - 55 stones
 v - 14 javelins
 E - 6 atropa-tipped darts
Armour
 a - a +0 robe
 e - a +0 pair of gloves (worn)
 p - a +3 scale mail of fire resistance (worn)
 t - a +0 pair of boots (worn)
Jewellery
 w - a ring of see invisible
 A - a +6 ring of dexterity
 B - a ring of protection from cold
Wands
 o - a wand of polymorph (14)
 y - a wand of mindburst (10)
Scrolls
 c - 4 scrolls of teleportation
 f - 3 scrolls of immolation {unknown}
 h - 10 scrolls of identify
 l - a scroll of fear {unknown}
 m - a scroll of summoning {unknown}
 s - 3 scrolls of enchant armour {unknown}
 u - 2 scrolls of vulnerability {unknown}
 z - 2 scrolls of fog {unknown}
Potions
 b - 3 potions of magic
 j - a potion of curing {unknown}
 k - 2 potions of heal wounds {unknown}
 n - 2 potions of flight {unknown}
 q - a potion of degeneration {unknown}
 r - a potion of haste {unknown}
 x - 2 potions of attraction {unknown}
 C - a potion of resistance {unknown}
 D - a potion of lignification {unknown}


   Skills:
 + Level 0.2 Fighting
 + Level 1.2 Short Blades
 + Level 3.0 Armour
 + Level 2.2 Dodging
 + Level 2.8 Stealth
 + Level 0.4 Unarmed Combat
 + Level 3.1 Spellcasting
 + Level 5.5 Conjurations


You had 8 spell levels left.
You knew the following spells:

 Your Spells              Type           Power      Damage    Failure   Level
a - Magic Dart            Conj           100%       1d8       5%          1
b - Searing Ray           Conj           60%        2d6       9%          2

Your spell library contained the following spells:

 Spells                   Type           Power      Damage    Failure   Level
 Shock                    Conj/Air       64%        1d7       17%         1
 Dazzling Flash           Conj/Hex       32%        N/A       45%         3
 Hailstorm                Conj/Ice       16%        3d6       45%         3
 Freeze                   Ice            12%        1d3       47%         1
 Mephitic Cloud           Conj/Pois/Air  12%        N/A       58%         3
 Call Imp                 Summ           6%         N/A       63%         2
 Sublimation of Blood     Necr           3%         N/A       63%         2
 Wereblood                Tmut           3%         N/A       63%         2
 Frozen Ramparts          Ice            6%         1d1       85%         3
 Swiftness                Air            3%         N/A       85%         3
 Fulminant Prism          Conj/Hex       8%         3d7       86%         4
 Iskenderun's Mystic Bla  Conj/Tloc      16%        2d5       86%         4
 Airstrike                Air            1%         2d(1-17)  99%         4
 Summon Hydra             Summ           1%         N/A       100%        7


Dungeon Overview and Level Annotations

Branches:
Dungeon (6/15)             Temple (1/1) D:4


Innate Abilities, Weirdness & Mutations

You have an increased reservoir of magic. (+10% MP)
You shall have no god before yourself.
Your divine heritage dramatically boosts your attributes as you level up.


Message History

There is a stone staircase leading up here.
You climb upwards.
There is a stone staircase leading down here.
You climb downwards.
There is a stone staircase leading up here.
You climb upwards.
There is a stone staircase leading down here.
There is a stone staircase leading down here.
You climb downwards.
The ogre shouts!
There is a stone staircase leading up here.
You climb upwards.
There is a stone staircase leading down here.
You climb downwards.
The ogre hits you with a +0 giant club!
There is a stone staircase leading up here.
The ogre hits you with a +0 giant club!!
Ouch! That really hurt!
* * * LOW HITPOINT WARNING * * *
You climb upwards.
There is a stone staircase leading down here.
Aiming: Polymorph
Press: ? - help, Q - select action, (/) - cycle Shift-Dir - straight line, f - ogre
Aim: an ogre, wielding a +0 giant club (will become a warg, a naga, or a swamp drake, chance to affect: 49%)
The ogre evaporates and reforms as a naga!
Aiming: Polymorph
Press: ? - help, Q - select action, (/) - cycle Shift-Dir - straight line, f/p - naga
Aim: a naga (will become an ice beast, an ogre, or a golden eye, chance to affect: 31%)
The naga easily resists.
The naga barely misses you. The naga grabs you. The naga constricts you.
* * * LOW HITPOINT WARNING * * *
Aiming: Mindburst
Press: ? - help, Q - select action, (/) - cycle Shift-Dir - straight line, p - naga
Okay, then.
Unknown command.
Unknown command.
As you read the scroll labelled TAEGIC UQONNUWAI, it crumbles to dust.
It is a scroll of identify.
c - 4 scrolls of teleportation The naga hits you!
You die...

#.# #.....#......#.....#
#.# #.###.......###....#
#.# #.#####....#####...#
##.###....[....#'#.###..#
#.............###._.###.#
#.#............#+#.###..#
#...##.#####.#..#####..##
#.####.# #.#...###..##
#.# #.# #.#@N..#...#
###.# #.# #....<.....#
..†.# #.# ###.#####..#
##### ##.## #.# #..#
#.#.# ##.## #..#
##.######...####..#
###................#
##.#.#........#####.#
##.#..........## #.#


You could see a naga.

Vanquished Creatures
  A black bear (D:5)
  2 scorpions (D:5)
  3 hounds
  A jelly (D:5)
  Terence (D:2)
  3 iguanas (D:5)
  6 adders
  2 worms
  2 orcs (D:4)
  7 endoplasms
  4 giant cockroaches
  4 goblins
  2 hobgoblins
  6 kobolds
  2 quokkas
  6 ball pythons
  4 bats
  2 frilled lizards (D:1)
  5 rats
63 creatures vanquished.

Vanquished Creatures (others)
  A plant (D:1)
1 creature vanquished.

Grand Total: 64 creatures vanquished

Notes
Turn   | Place    | Note
-------+----------+-------------------------------------------
     0 | D:1      | sircluck the Demigod Conjurer began the quest for the Orb.
     0 | D:1      | Reached XP level 1. HP: 14/14 MP: 5/5
   186 | D:1      | Reached skill level 4 in Conjurations
   342 | D:1      | Reached XP level 2. HP: 20/20 MP: 2/7
  1080 | D:2      | Noticed Terence
  1104 | D:2      | Killed Terence
  1105 | D:2      | Reached XP level 3. HP: 26/26 MP: 2/8
  1105 | D:2      | Upgraded the game from 0.30-a0-1161-g0704695555 to
                  | 0.30-a0-1163-gf69bf04e7a
  2618 | D:3      | Reached XP level 4. HP: 33/33 MP: 7/9
  2976 | D:4      | Reached skill level 5 in Conjurations
  2976 | D:4      | Reached XP level 5. HP: 37/38 MP: 11/11
  3274 | D:4      | Found a staircase to the Ecumenical Temple.
  4035 | D:4      | Reached skill level 1 in Armour
  4255 | Temple   | Entered the Ecumenical Temple
  4471 | D:5      | Entered Level 5 of the Dungeon
  4857 | D:5      | Learned a level 2 spell: Searing Ray
  4943 | D:5      | Reached XP level 6. HP: 45/45 MP: 4/13
  5462 | D:5      | Reached skill level 1 in Short Blades
  5747 | D:5      | an ogre changed into a naga
  5747 | D:5      | Noticed a naga
  5749 | D:5      | Slain by a naga

Illustrated notes

Levels and vault maps discovered:
D:1:      minmay_arrival_split_and_join, layout_loops_ring, serial_bayou_pond_c
D:2:      layout_rooms, hellmonk_ecumenical_altar_lost_god,
          minmay_splitting_lines, st_stairs_7, uniq_terence
D:3:      layout_loops_corners
D:4:      layout_basic, kennysheep_okawaru_gauntlet, nicolae_uskayaw_suspiria,
          temple_green, chequers_ossuary_entry_cave, serial_curves,
          eino_curves_04, eino_curves_01
D:5:      layout_loops_ring, nemelex_diamond_rough_becter
D:6:      layout_basic, ebering_ghost_rock_garden, fountainhead,
          minmay_manual_mail, uniq_menkaure
Temple:   bh_familiar_temple

Skill      XL: |  1  2  3  4  5  6 |
---------------+-------------------+-----
Conjurations   | 4 5 |  5.5
Stealth        | 2 |  2.8
Spellcasting   | 2 3 |  3.1
Dodging        | 2 |  2.2
Armour         | 2 3 |  3.0
Short Blades   | 1 |  1.2
Fighting       | |  0.2
Unarmed Combat | |  0.4

Action                     |  1- 3 |  4- 6 || total
---------------------------+-------+-------++-------
  Melee: Unarmed           |    11 |       ||    11
         Dagger            |    15 |    68 ||    83
   Cast: Magic Dart        |    65 |    37 ||   102
         Searing Ray       |       |    11 ||    11
  Evoke: Wand              |       |     2 ||     2
    Use: Scroll            |       |     1 ||     1
   Stab: Confused          |     1 |       ||     1
 Armour: Scale mail        |     9 |    41 ||    50
  Dodge: Dodged            |    13 |    37 ||    50

Table legend: (Time is in decaauts)
 A = Elapsed time spent in this place.
 B = Non-inter-level travel time spent in this place.
 C = Inter-level travel time spent in this place.
 D = Time resting spent in this place.
 E = Time spent auto-exploring this place.
 F = Levels seen in this place.
 G = Mean time per level.
                   A        B        C        D        E       F      G
               +--------+--------+--------+--------+--------+-----+--------+
         Total |   5759 |   5146 |    613 |    279 |   4190 |   7 |  822.7 |
       Dungeon |   5573 |   4975 |    598 |    279 |   4024 |   6 |  928.8 |
        Temple |    185 |    170 |     15 |      0 |    166 |   1 |  185.0 |
               +--------+--------+--------+--------+--------+-----+--------+

Top non-repeatable levels by time:
     D:4: 1347 daAuts
     D:5: 1271 daAuts
     D:1: 1132 daAuts
     D:3: 1058 daAuts
     D:2: 754 daAuts
  Temple: 185 daAuts
     D:6: 9 daAuts
